 Dungeon Crawl Stone Soup version 0.30-a0-242-g7bf8e6d787 (webtiles) character file.

Game seed: 8872923105786408312

56 koil the Sneak (level 3, 0/17 HPs)
             Began as a Spriggan Enchanter on Oct 12, 2022.
             Slain by a gnoll
             ... wielding a +0 spear
              (9 damage)
             ... on level 3 of the Dungeon.
             The game lasted 00:04:31 (1471 turns).

koil the Sneak (Spriggan Enchanter)                 Turns: 1471, Time: 00:04:32

Health: 0/17       AC:  3    Str:  4    XL:     3   Next: 69%
Magic:  8/8        EV: 18    Int: 16    God:
Gold:   123        SH:  0    Dex: 17    Spells: 6/8 levels left

rFire   . . .      SeeInvis +    a - +1 dagger
rCold   . . .      Faith    .    (no shield)
rNeg    . . .      Spirit   .    b - +0 robe
rPois   .          Reflect  .    (helmet restricted)
rElec   .          Harm     .    p - +0 cloak
rCorr   .          Rampage  .    (gloves unavailable)
Will    .....                    (boots unavailable)
Stlth   +.........               (no amulet)
HPRegen 0.22/turn                (no ring)
MPRegen 0.11/turn                (no ring)

@: confused, ambrosia-drunk, very quick
A: very small, no large weapons, unfitting armour, see invisible, speed 3
a: no special abilities


You were on level 3 of the Dungeon.
You visited 1 branch of the dungeon, and saw 3 of its levels.

You collected 123 gold pieces.

Inventory:

Hand Weapons
 a - a +1 dagger (weapon)
Missiles
 h - 3 curare-tipped darts (quivered)
Armour
 b - a +0 robe (worn)
 p - a +0 cloak (worn)
Jewellery
 m - an amulet of the acrobat
 o - a ring of protection from fire
Scrolls
 d - a scroll of amnesia {unknown}
 e - 2 scrolls of magic mapping {unknown}
 g - 2 scrolls of blinking {unknown}
 k - 5 scrolls of identify {unknown}
 n - a scroll of torment {unknown}
 q - a scroll of butterflies {unknown}
Potions
 c - 2 potions of invisibility
 i - a potion of flight {unknown}
 j - a potion of degeneration {unknown}
 l - 3 potions of attraction {unknown}


   Skills:
 + Level 0.9 Fighting
 + Level 1.8 Short Blades
 + Level 3.3 Dodging
 + Level 5.0 Stealth
 + Level 3.2 Spellcasting
 + Level 4.0 Hexes


You had 6 spell levels left.
You knew the following spells:

 Your Spells              Type           Power      Damage    Failure   Level
a - Ensorcelled Hibernat  Hex/Ice        18%        N/A       12%         2

Your spell library contained the following spells:

 Spells                   Type           Power      Damage    Failure   Level
 Confusing Touch          Hex            15%        N/A       11%         3
 Tukima's Dance           Hex            15%        N/A       11%         3
 Dazzling Flash           Conj/Hex       18%        N/A       24%         3
 Passage of Golubria      Tloc           2%         N/A       88%         4
 Yara's Violent Unravell  Hex/Tmut       4%         3d4       92%         5


Dungeon Overview and Level Annotations

Branches:
Dungeon (3/15)

Altars:

Shops:
D:1 (   D:2 ?


Innate Abilities, Weirdness & Mutations

You are very small and have problems with some larger weapons.
You are too small for most types of armour.
You have supernaturally acute eyesight. (SInv)
You cover ground extremely quickly. (Speed+++)


Message History

Your Stealth skill increases to level 5!
Your Hexes skill increases to level 4!
Casting: Ensorcelled Hibernation (safe; 12% risk of failure)
Confirm with . or Enter, or press ? or * to list all spells.
Aiming: Ensorcelled Hibernation (safe; 12% risk of failure)
Press: ? - help, Shift-Dir - straight line, f - gnoll
Aim: a gnoll, wielding a +0 spear (chance to affect: 51%)
The gnoll resists with significant effort.
The gnoll completely misses you.
An orc comes into view. It is wielding a +0 mace.
Casting: Ensorcelled Hibernation (safe; 12% risk of failure)
Confirm with . or Enter, or press ? or * to list all spells.
Aiming: Ensorcelled Hibernation (safe; 12% risk of failure)
Press: ? - help, Shift-Dir - straight line, f/p - gnoll
Aim: a gnoll, wielding a +0 spear (chance to affect: 51%)
The gnoll resists with significant effort.
The orc shouts!
The gnoll barely misses you.
Casting: Ensorcelled Hibernation (safe; 12% risk of failure)
Confirm with . or Enter, or press ? or * to list all spells.
You don't have enough magic to cast this spell.
An orc priest comes into view. It is wielding a +0 club.
Okay, then.
It was a potion of ambrosia.
You are confused.
You feel invigorated.
The orc priest shouts!
An orc comes into view. It is wielding a +0 club.
An orc wizard comes into view. It is wielding a +0 dagger.
You bump into the rock wall.
The orc completely misses you.
You bump into the rock wall.
The orc shouts!
The gnoll hits you from afar with a +0 spear!
The orc wizard casts a spell.
The orc wizard flickers and vanishes for a moment.
The orc hits you but does no damage. The gnoll hits you with a +0 spear.
You bump into the rock wall.
The gnoll hits you with a +0 spear!
Ouch! That really hurt!
You die...

#### ..#
#.#####...
#####.......#
#...gg.###..###
#)####...(.....
#g# ####......
#g# ..### #@#
.# #.# # #o#
#######o#
......#o##
.......o.#
#####.#.o# #
#.#..######.###
#..............


You could see an orc priest, an orc wizard (invisible), 2 gnolls and 3 orcs.

Vanquished Creatures
  A gnoll (D:3)
  2 worms (D:2)
  2 dart slugs
  2 ball pythons
  3 endoplasms
  2 giant cockroaches
  4 goblins
  3 hobgoblins (D:2)
  5 jackals
  2 quokkas (D:2)
  2 bats
  2 frilled lizards (D:2)
  A kobold (D:2)
31 creatures vanquished.

Vanquished Creatures (others)
  A plant (D:1)
1 creature vanquished.

Grand Total: 32 creatures vanquished

Notes
Turn   | Place    | Note
-------+----------+-------------------------------------------
     0 | D:1      | koil the Spriggan Enchanter began the quest for the Orb.
     0 | D:1      | Reached XP level 1. HP: 9/9 MP: 5/5
    97 | D:1      | Found Nusux's Weapon Boutique.
   236 | D:1      | Reached XP level 2. HP: 11/13 MP: 6/6
   781 | D:2      | Learned a level 2 spell: Ensorcelled Hibernation
   888 | D:2      | Reached XP level 3. HP: 17/17 MP: 5/8
   983 | D:2      | Found Zyirraji's Magic Scroll Boutique.
  1115 | D:2      | Found a faded altar of an unknown god.
  1462 | D:3      | Reached skill level 5 in Stealth
  1471 | D:3      | Slain by a gnoll

Illustrated notes

Levels and vault maps discovered:
D:1:      scummos_arrival_forest, layout_basic, serial_shops, shop,
          serial_forest, infiniplex_forest_diagonal,
          infiniplex_forest_clump_diagonal, infiniplex_forest_clump_long,
          infiniplex_forest_lined_corner, infiniplex_forest_lined_room_,
          infiniplex_forest_straight_4, infiniplex_forest_straight_4
D:2:      layout_rooms, serial_glass, glass_columns_b, glass_columns_a,
          minmay_strange_pillars, feat_on_display, serial_shops, shop,
          hellmonk_ecumenical_altar_blasted
D:3:      layout_loops_ring, nicolae_overflow_crystal_walls

Skill      XL: |  1  2  3 |
---------------+----------+-----
Dodging        | 3 |  3.3
Spellcasting   | 3 |  3.2
Stealth        | 5 |  5.0
Hexes          | 4 |  4.0
Fighting       | |  0.9
Short Blades   | |  1.8

Action                   || total
-------------------------++-------
Melee: Dagger            ||   114
       Punch             ||     1
 Cast: Ensorcelled Hiber ||     9
  Use: Potion            ||     1
 Stab: Sleeping          ||    11
Armor: Robe              ||    13
Dodge: Dodged            ||    91

Table legend: (Time is in decaauts)
 A = Elapsed time spent in this place.
 B = Non-inter-level travel time spent in this place.
 C = Inter-level travel time spent in this place.
 D = Time resting spent in this place.
 E = Time spent auto-exploring this place.
 F = Levels seen in this place.
 G = Mean time per level.
                   A        B        C        D        E       F      G
               +--------+--------+--------+--------+--------+-----+--------+
         Total |   1020 |    998 |     22 |     89 |    654 |   3 |  340.0 |
       Dungeon |   1020 |    998 |     22 |     89 |    654 |   3 |  340.0 |
               +--------+--------+--------+--------+--------+-----+--------+

Top non-repeatable levels by time:
     D:2: 514 daAuts
     D:1: 451 daAuts
     D:3: 54 daAuts
